 Dungeon Crawl Stone Soup version 0.30-a0-782-ge64f9170bb (webtiles) character file.

Game seed: 9042817563797280852

2688 KleinerIrrer the Spear-Bearer (level 9, -4/67 (68) HPs)
             Began as a Demonspawn Chaos Knight on Feb 19, 2023.
             Was a Plaything of Xom.
             Slain by a tentacled starspawn (6 damage)
             ... on level 2 of the Abyss.
             The game lasted 00:19:45 (7818 turns).

KleinerIrrer the Spear-Bearer (DsCK)                Turns: 7818, Time: 00:19:46

HP:   -4/67 (68)    AC: 10    Str: 12 (13) XL:     9   Next: 38%
MP:   0/10          EV:  8    Int: 23 (24) God:    Xom [*.....]
Gold: 311           SH:  2    Dex:  8 (10) Spells: 7/10 levels left

rFire   . . .      SeeInvis .    a - +1 spear (chaos)
rCold   + . .      Faith    .    m - +0 buckler
rNeg    . . .      Spirit   +    H - +0 steam dragon scales
rPois   .          Reflect  .    (no helmet)
rElec   .          Harm     .    o - +0 cloak
rCorr   .          Rampage  .    b - +0 pair of gloves
Will    .....                    t - +1 pair of boots
Stlth   +                        f - amulet of guardian spirit
HPRegen 0.31/turn                (no ring)
MPRegen 0.12/turn                (no ring)

@: about to teleport, constricted, lightly drained, unable to drink
A: ignite blood 1, powered by death 2, claws 1, clever 2, cold resistance 1,
deterioration 1, wild magic 1, inability to drink after injury 1, MP-powered
wands
a: Renounce Religion


You were on level 2 of the Abyss.
You worshipped Xom.
You were a special plaything of Xom.
You visited 1 branch of the dungeon, and saw 7 of its levels.
You visited the Abyss 1 time.
You also visited: Sewer.

You collected 311 gold pieces.

Inventory:

Hand Weapons
 a - a +1 spear of chaos (weapon)
Missiles
 u - 7 poisoned darts
Armour
 b - a +0 pair of gloves (worn)
 m - a +0 buckler (worn)
 o - a +0 cloak (worn)
 t - a +1 pair of boots (worn)
 D - a +2 robe of positive energy
 H - +0 steam dragon scales (worn)
Jewellery
 f - an amulet of guardian spirit (around neck)
 h - an amulet of faith
Wands
 k - a wand of flame (30)
 s - a wand of light (3)
Scrolls
 e - a scroll of fog {unknown}
 g - 2 scrolls of teleportation
 i - a scroll of enchant weapon
 p - a scroll of silence {unknown}
 r - 3 scrolls of immolation
 C - a scroll of magic mapping
 E - a scroll of identify
Potions
 d - a potion of resistance
 j - 2 potions of attraction
 l - 2 potions of haste
 n - 2 potions of invisibility
 q - 4 potions of curing
 w - a potion of degeneration {unknown}
 x - a potion of might {unknown}
 z - a potion of brilliance {unknown}
 A - a potion of flight {unknown}
 B - 3 potions of heal wounds
 F - 2 potions of magic {unknown}
 G - a potion of mutation
Miscellaneous
 c - a piece from Xom's chessboard (15/15) (quivered)


   Skills:
 - Level 5.3 Fighting
 - Level 10.3 Polearms
 - Level 3.2 Armour
 - Level 2.6 Dodging
 + Level 1.1 Spellcasting
 + Level 1.2 Conjurations
 + Level 1.1 Air Magic
 + Level 1.2 Poison Magic


You had 7 spell levels left.
You knew the following spells:

 Your Spells              Type           Power      Damage    Failure   Level
a - Mephitic Cloud        Conj/Pois/Air  8%         N/A       43%         3

Your spell library contained the following spells:

 Spells                   Type           Power      Damage    Failure   Level
 Poisonous Vapours        Pois/Air       16%        N/A       26%         2
 Cigotuvi's Dreadful Rot  Necr/Pois/Air  12%        N/A       30%         2


Dungeon Overview and Level Annotations

Branches:
Dungeon (7/15)             Temple (0/1) D:6           Sewer (visited)

Altars:
Dithmenos
Kikubaaqudgha
Sif Muna
Xom

Annotations:
D:5 1 transporter


Innate Abilities, Weirdness & Mutations

Your demonic aura sometimes causes spilled blood to erupt in flames.
You regenerate health from kills.
You have sharp fingernails.
Your mind is very acute. (Int +8, Str/Dex -2)
Your flesh is cold resistant. (rC+)
Your body sometimes deteriorates upon taking damage.
Your spells are a little harder to cast, but a little more powerful.
You occasionally lose the ability to drink potions when taking damage.
You expend magic power (3 MP) to strengthen your wands.


Message History

The small abomination is engulfed in blazing flames.
You destroy the small abomination!
You feel your strength returning.
Your Spellcasting skill increases to level 1!
A starspawn tentacle comes into view.
A flying skull comes into view.
A tentacle flies out from the starspawn's body!
A starspawn tentacle comes into view.
You barely miss the tentacled starspawn.
Tentacles burst from the starspawn's body! 2 starspawn tentacles come into view.
The starspawn tentacle grabs you. The starspawn tentacle constricts you.
The tentacled starspawn misses you.
The tentacled starspawn tentacle-slaps you.
You escape the starspawn tentacle's grasp.
The tentacled starspawn attacks as you move away!
The tentacled starspawn bites you!!
You feel threatened and lose the ability to drink potions!
* * * LOW HITPOINT WARNING * * *
Xom roars with laughter!
The tentacled starspawn barely misses you. "Go forth and cause havoc, mortal!"
Magic courses through your body. What are your orders? t - Shout!
Orders for allies: a - Attack new target. r - Retreat! s - Stop attacking. g - Guard the area. f - Follow me.
Anything else - Cancel.
Retreat in which direction?
Press: ? - help, Dir - move target
Okay, then.
As you read the scroll of teleportation, it crumbles to dust.
You feel strangely unstable.
You feel the power of the Abyss delaying your translocation!
The starspawn tentacle grabs you. The starspawn tentacle constricts you.
The tentacled starspawn barely misses you.
The tentacled starspawn tentacle-slaps you!
You die...
Xom cackles wildly!

########
##..##..##..#
#....X@.....#
###../w......#
####.#.│##..#####
#.#.#...##..## #
.##.......#
#z.........#..
#§X########## z
..# .. ...
#...#..#. . .....


You could see a tentacled starspawn and a starspawn tentacle.

Vanquished Creatures
  Pikel (D:5)
  Maggie (D:7)
  A polar bear (shapeshifter) (D:7)
  Prince Ribbit (D:7)
  An ice beast (D:6)
  An ogre (D:5)
  Blork the orc (D:5)
  2 bullfrogs (D:6)
  A small abomination (Abyss:2)
  A necrophage (D:6)
  A scorpion (D:5)
  7 wights
  Dowan (D:7)
  A crimson imp (D:5)
  2 orc priests
  A jelly (D:7)
  3 iguanas
  2 orc wizards
  4 river rats (Sewer)
  9 adders
  A white imp (D:7)
  An ufetubus (D:6)
  3 worms
  2 dart slugs (D:2)
  13 orcs
  7 endoplasms
  3 giant cockroaches
  A goblin (D:3)
  3 hobgoblins
  7 jackals
  5 quokkas
  3 ball pythons
  7 bats
  10 frilled lizards
  8 kobolds
  17 rats
133 creatures vanquished.

Vanquished Creatures (collateral kills)
  A water moccasin (D:7)
  A lemure (D:5)
  A wight (D:7)
3 creatures vanquished.

Vanquished Creatures (others)
  A black bear (D:7)
  A lemure (D:5)
  An orc (D:7)
  A jackal (Sewer)
  A jackal zombie (Sewer)
  A rat (Sewer)
  21 plants (Sewer)
  6 starspawn tentacles (Abyss:2)
  6 withered plants (D:7)
39 creatures vanquished.

Grand Total: 175 creatures vanquished

Notes
Turn   | Place    | Note
-------+----------+-------------------------------------------
     0 | D:1      | KleinerIrrer the Demonspawn Chaos Knight began the quest
                  | for the Orb.
     0 | D:1      | Reached XP level 1. HP: 18/18 MP: 1/1
   185 | D:1      | Reached skill level 1 in Dodging
   327 | D:1      | Gained mutation: Your demonic aura sometimes causes spilled
                  | blood to erupt in flames. [demonic ancestry]
   327 | D:1      | Reached XP level 2. HP: 24/24 MP: 2/2
   769 | D:2      | XOM: butterfly on damage
   821 | D:1      | XOM: noise
   824 | D:1      | Reached XP level 3. HP: 23/30 MP: 3/3
  1513 | D:2      | XOM: 2-stop teleportation journey
  1874 | D:2      | XOM: noise
  1955 | D:3      | Reached XP level 4. HP: 37/37 MP: 4/4
  2064 | D:3      | Gained mutation: You passively map a small area around you.
                  | [potion of mutation]
  2064 | D:3      | Gained mutation: Your body sometimes deteriorates upon
                  | taking damage. [potion of mutation]
  2064 | D:3      | Gained mutation: You have a pair of small antennae on your
                  | head. [potion of mutation]
  2068 | D:3      | Lost mutation: You have a pair of small antennae on your
                  | head. [potion of mutation]
  2068 | D:3      | Lost mutation: You passively map a small area around you.
                  | [potion of mutation]
  2068 | D:3      | Gained mutation: Your mind is acute. (Int +4, Str/Dex -1)
                  | [potion of mutation]
  2918 | D:4      | Gained mutation: You regenerate a little health from kills.
                  | [demonic ancestry]
  2918 | D:4      | Reached XP level 5. HP: 25/43 MP: 2/5
  3216 | D:4      | Found a shadowy altar of Dithmenos.
  3676 | D:5      | Entered Level 5 of the Dungeon
  3676 | D:5      | Noticed a lemure
  3676 | D:5      | Noticed a lemure
  3680 | D:5      | Noticed Pikel
  3680 | D:5      | Noticed a lemure
  3739 | D:5      | Noticed an ogre
  3749 | D:5      | Killed an ogre
  3750 | D:5      | Reached skill level 5 in Fighting
  3760 | D:5      | XOM: smoke on damage
  3857 | D:5      | Reached XP level 6. HP: 51/51 MP: 6/6
  3882 | D:5      | Found a glowing drain.
  3891 | Sewer    | Entered a sewer
  4035 | Sewer    | XOM: destruction
  4060 | Sewer    | XOM: noise
  4161 | Sewer    | XOM: polymorph river rat -> iguana
  4182 | Sewer    | Reached skill level 3 in Polearms
  4430 | Sewer    | XOM: snakes to sticks
  4522 | Sewer    | XOM: god gift: pair of boots {god gift}
  4706 | D:5      | Found a transporter.
  4949 | D:5      | XOM: god gift: 44 gold pieces
  5008 | D:5      | XOM: enchant monster (good)
  5009 | D:5      | XOM: polymorph lemure -> crimson imp
  5018 | D:5      | XOM: enchant monster (bad)
  5024 | D:5      | XOM: enchant monster (good)
  5034 | D:5      | Killed Pikel
  5035 | D:5      | Reached skill level 6 in Polearms
  5035 | D:5      | Gained mutation: You regenerate health from kills. [demonic
                  | ancestry]
  5035 | D:5      | Reached XP level 7. HP: 31/56 MP: 7/7
  5244 | D:5      | Noticed Blork the orc
  5262 | D:5      | XOM: scenery: summon butterflies
  5271 | D:5      | Killed Blork the orc
  5300 | D:5      | XOM: 4-stop teleportation journey
  5358 | D:6      | XOM: noise
  5453 | D:6      | Reached skill level 7 in Polearms
  5453 | D:6      | Reached XP level 8. HP: 58/62 MP: 5/8
  5587 | D:6      | Found a shimmering blue altar of Sif Muna.
  5658 | D:6      | XOM: enchant monster (bad)
  5912 | D:6      | Found a staircase to the Ecumenical Temple.
  6148 | D:6      | XOM: torment (35/62 hp)
  6273 | D:6      | XOM: swap monsters
  6297 | D:6      | XOM: give mutations
  6297 | D:6      | Gained mutation: Your flesh is cold resistant. (rC+) [Xom's
                  | mischief]
  6297 | D:6      | Gained mutation: You occasionally lose the ability to drink
                  | potions when taking damage. [Xom's mischief]
  6323 | D:7      | Reached skill level 8 in Polearms
  6328 | D:7      | Noticed Maggie
  6328 | D:7      | XOM: confuse monster(s)
  6336 | D:7      | XOM: confuse monster(s)
  6337 | D:7      | XOM: cast spell 'Summon Mana Viper'
  6345 | D:7      | Killed Maggie
  6403 | D:7      | Reached skill level 9 in Polearms
  6409 | D:7      | XOM: scenery: summon butterflies
  6417 | D:7      | XOM: enchant monster (good)
  6439 | D:6      | XOM: summons 3 friendly demons
  6700 | D:7      | XOM: scenery: create altars
  6706 | D:7      | XOM: scenery: create altars
  6828 | D:7      | XOM: give mutations
  6828 | D:7      | Gained mutation: Your mind is very acute. (Int +8, Str/Dex
                  | -2) [Xom's grace]
  6828 | D:7      | Gained mutation: You expend magic power (3 MP) to
                  | strengthen your wands. [Xom's grace]
  6828 | D:7      | Gained mutation: You are strong-willed. (Will+) [Xom's
                  | grace]
  6828 | D:7      | Gained mutation: Your spells are a little harder to cast,
                  | but a little more powerful. [Xom's grace]
  6872 | D:7      | Noticed Duvessa
  6873 | D:7      | Noticed Dowan
  6875 | D:7      | XOM: cast spell 'Necromutation'
  6878 | D:7      | XOM: swap monsters
  6888 | D:7      | Duvessa changed into Duvessa the shapeshifter
  6888 | D:7      | Noticed Duvessa (shapeshifter)
  6888 | D:7      | Duvessa the shapeshifter changed into Duvessa the hog
  6893 | D:7      | Duvessa the hog changed into Duvessa the polar bear
  6893 | D:7      | Noticed Duvessa (shapeshifter)
  6897 | D:7      | Killed Duvessa the polar bear
  6898 | D:7      | Reached XP level 9. HP: 40/68 MP: 7/9
  6911 | D:7      | Reached skill level 10 in Polearms
  6923 | D:7      | Killed Dowan
  6945 | D:7      | Found an ancient bone altar of Kikubaaqudgha.
  6947 | D:7      | Noticed Prince Ribbit
  6954 | D:7      | XOM: destruction
  6957 | D:7      | XOM: smoke on damage
  6979 | D:7      | Killed Prince Ribbit
  7075 | D:6      | XOM: summons 3 hostile demons
  7206 | D:6      | Learned a level 3 spell: Mephitic Cloud
  7229 | D:7      | XOM: blink monster(s)
  7474 | D:6      | XOM: give mutations
  7474 | D:6      | Lost mutation: You are strong-willed. (Will+) [Xom's
                  | mischief]
  7474 | D:6      | Gained mutation: You have sharp fingernails. [Xom's
                  | mischief]
  7595 | D:7      | XOM: noise
  7613 | D:6      | Reached skill level 1 in Conjurations
  7613 | D:6      | Reached skill level 1 in Air Magic
  7613 | D:6      | Reached skill level 1 in Poison Magic
  7673 | Abyss:2  | Cast into level 2 of the Abyss (Xom)
  7782 | Abyss:2  | Noticed a tentacled starspawn
  7796 | Abyss:2  | XOM: polymorph small abomination -> small abomination
  7802 | Abyss:2  | Reached skill level 1 in Spellcasting
  7817 | Abyss:2  | HP: 2/67 [tentacled starspawn (19)]
  7817 | Abyss:2  | XOM: potion effect (magic)
  7818 | Abyss:2  | Slain by a tentacled starspawn

Illustrated notes

Levels and vault maps discovered:
D:1:      reono_arrival_forest_river, layout_loops_cross, nrook_mini_vaults,
          chequers_garden, kennysheep_flooded_box, minmay_misc_feat_plants,
          palyth_stone_intersect
D:2:      layout_basic
D:3:      minmay_skewed_foursquare, layout_basic
D:4:      layout_basic, mainiacjoe_overflow_six_doors_small, st_stairs_1,
          kennysheep_nub
D:5:      layout_cave_pods, gammafunk_ghost_mausoleum,
          cheibrodos_sewer_entry_sluice, hex_medium, corexii_leaking_fountain,
          uniq_pikel, uniq_blork_the_orc
D:6:      layout_basic, nicolae_sif_muna_little_library,
          minmay_temple_entry_poolview
D:7:      layout_cave_pools, xom_teletrap_fun, kiku_gazebo_garden_becter,
          uniq_prince_ribbit1, uniq_maggie, uniq_duvessa
Abyss:2:  base:
D:3

Skill      XL: |  1  2  3  4  5  6  7  8  9 |
---------------+----------------------------+-----
Dodging        | 1 2 |  2.6
Armour         | 2 3 |  3.2
Fighting       | 4 5 |  5.3
Polearms       | 6 7 9 10 | 10.3
Conjurations   | 1 |  1.2
Air Magic      | 1 |  1.1
Poison Magic   | 1 |  1.2
Spellcasting   | 1 |  1.1

Action                     |  1- 3 |  4- 6 |  7- 9 || total
---------------------------+-------+-------+-------++-------
  Melee: Spear             |   130 |   332 |   267 ||   729
         Punch             |       |     1 |       ||     1
  Evoke: Piece from Xom's  |       |     3 |     1 ||     4
         Wand              |       |     2 |       ||     2
    Use: Potion            |       |     2 |       ||     2
         Scroll            |       |    12 |     7 ||    19
   Stab: Paralysed         |       |     5 |       ||     5
         Confused          |       |       |     5 ||     5
         Petrifying        |       |       |     1 ||     1
         Sleeping          |       |       |     1 ||     1
 Armour: Leather armour    |    24 |   114 |     7 ||   145
         Steam dragon scal |       |       |    53 ||    53
  Dodge: Dodged            |    52 |   151 |   115 ||   318
  Block: Buckler           |       |    20 |    19 ||    39

Table legend: (Time is in decaauts)
 A = Elapsed time spent in this place.
 B = Non-inter-level travel time spent in this place.
 C = Inter-level travel time spent in this place.
 D = Time resting spent in this place.
 E = Time spent auto-exploring this place.
 F = Levels seen in this place.
 G = Mean time per level.
                   A        B        C        D        E       F      G
               +--------+--------+--------+--------+--------+-----+--------+
         Total |   7875 |   7389 |    486 |    975 |   4735 |   9 |  875.0 |
       Dungeon |   6813 |   6327 |    486 |    845 |   4371 |   7 |  973.3 |
         Abyss |    141 |    141 |      0 |      0 |      0 |   1 |  141.0 |
         Sewer |    920 |    920 |      0 |    129 |    363 |   1 |  920.0 |
               +--------+--------+--------+--------+--------+-----+--------+

Top non-repeatable levels by time:
     D:6: 1887 daAuts
     D:2: 1109 daAuts
   Sewer: 920 daAuts
     D:3: 904 daAuts
     D:5: 859 daAuts
     D:4: 851 daAuts
     D:1: 810 daAuts
     D:7: 390 daAuts
 Abyss:2: 141 daAuts
